 Dungeon Crawl Stone Soup version 0.27.0-1-g7a089689b8 (webtiles) character file.

Game seed: 9402422547592461617

496 ZombieSheep the Slasher (level 7, -3/49 HPs)
             Began as an Octopode Fighter on Aug 9, 2021.
             Was an Initiate of Gozag.
             Slain by an ogre (16 damage)
             ... on level 4 of the Dungeon.
             The game lasted 00:07:34 (4701 turns).

ZombieSheep the Slasher (Octopode Fighter)          Turns: 4701, Time: 00:07:35

Health: -3/49      AC:  1    Str: 16    XL:     7   Next: 15%
Magic:  7/7        EV: 14    Int: 10    God:    Gozag
Gold:   308        SH:  0    Dex: 13    Spells: 6/6 levels left

rFire    . . .     SeeInvis .   a - +0 long sword
rCold    . . .     Faith    .   (no shield)
rNeg     . . .     Spirit   .   (helmet restricted)
rPois    +         Reflect  .   (no amulet)
rElec    .         Harm     .   l - ring of poison resistance
rCorr    .         Rampage  .   (no ring)
Will     .....                  (no ring)
Stlth    +++.......             (no ring)
HPRegen  0.16/turn              (no ring)
MPRegen  0.10/turn              (no ring)
                                (no ring)
                                (no ring)

@: no status effects
A: almost no armour, amphibious, 8 rings, camouflage 1, gelatinous body 1,
(nimble swimmer 1), tentacles
a: Renounce Religion, Potion Petition, Call Merchant, Bribe Branch


You were on level 4 of the Dungeon.
You worshipped Gozag.
Gozag was aware of your devotion.
You visited 1 branch of the dungeon, and saw 5 of its levels.

You collected 369 gold pieces.
You paid 61 gold pieces to Gozag.

Inventory:

Hand Weapons
 a - a +0 long sword (weapon)
 b - a +2 dagger of holy wrath
Armour
 c - the +1 kite shield of Fortification {rPois rN++ Dex-5 SInv}
   (You found it on level 4 of the Dungeon)

   Dex:       It affects your dexterity (-5).
   rPois:     It protects you from poison.
   rN:        It greatly protects you from negative energy.
   SInv:      It lets you see invisible.
 d - a +0 kite shield
Jewellery
 k - a ring of ice
 l - a ring of poison resistance (left tentacle)
 m - a +6 ring of strength
Scrolls
 g - a scroll of blinking
Potions
 e - 2 potions of heal wounds {unknown}
 f - a potion of curing {unknown}
 h - a potion of berserk rage {unknown}
 i - 6 potions of mutation {unknown}
 j - a potion of degeneration {unknown}


   Skills:
 + Level 4.5 Fighting
 + Level 4.8 Long Blades
 + Level 4.5 Dodging
 * Level 4.1 Stealth
 - Level 3.0 Shields


You had 6 spell levels left.
You didn't know any spells.
Your spell library contained the following spells:

 Spells                   Type           Power      Damage    Failure   Level
 Gell's Gravitas          Tloc           0%         N/A       75%         3
 Teleport Other           Tloc           0%         N/A       75%         3
 Dispersal                Tloc           0%         N/A       100%        6


Dungeon Overview and Level Annotations

Branches:
Dungeon (5/15)
 Temple: D:4-7

Altars:
Gozag


Innate Abilities, Weirdness & Mutations

You cannot wear most types of armour.
You are amphibious.
You can wear up to eight rings at the same time.
Your skin changes colour to match your surroundings (Stealth+).
Your rubbery body absorbs attacks. (AC +1, EV +1)
((You are camouflaged near water. (Stealth+)))
You have tentacles for arms and can constrict up to eight enemies at once.


Message History

You constrict the iguana. The iguana completely misses you.
You riposte.
You hit the iguana.
You squeeze the iguana, but do no damage.
The iguana is heavily wounded.
The orc hits you with a +0 whip.
You slash the iguana!
The iguana is almost dead.
You constrict the iguana.
You kill the iguana!
The orc barely misses you.
You riposte.
You closely miss the orc. You grab the orc. You squeeze the orc.
The orc is almost dead.
Your Stealth skill increases to level 4!
You release your grip on the orc.
The orc hits you with a +0 whip.
You see here 6 gold pieces.
You see here a +0 leather armour.
You hit the orc.
You kill the orc!
You hit the ogre but do no damage. You squeeze the ogre.
The ogre is lightly wounded.
The ogre barely misses you.
You riposte.
You hit the ogre but do no damage. You squeeze the ogre, but do no damage.
The ogre is lightly wounded.
You barely miss the ogre.
The ogre is lightly wounded.
The ogre hits you with a +0 giant club!
You see here 25 stones.
There is a stone staircase leading up here.
You hit the ogre. Your squeeze misses the ogre.
The ogre is lightly wounded.
The ogre barely misses you.
You barely miss the ogre.
The ogre is lightly wounded.
The ogre hits you with a +0 giant club!
* * * LOW HITPOINT WARNING * * *
You barely miss the ogre.
The ogre is lightly wounded.
The ogre hits you with a +0 giant club!
You die...
Your body crumbles into a pile of gold.

#..# #.#####.#.........##########
#..###.................#
#............#......[..#
#..###########.........# ......#
#.........# ...##.# #####.#####
#.###.# #.############## #.# #.#
##########...............
#.###.###.......@..##############
.............###O####........####
#.###.###....# #.(...............
#.##...#####.###.####.######.#...
#.#.....####.....# #.# #.#...
#..>..........#.#####.# #.####
###..(..####..........# #.# #
.......## #.###############.# #
######## #.# #.....# #


You could see an ogre.

Vanquished Creatures
  A black bear (D:4)
  A phantom (D:4)
  A water moccasin zombie (D:5)
  A hound (D:4)
  Jessica (D:2)
  An iguana (D:4)
  A killer bee zombie (D:5)
  A hound skeleton (D:2)
  Robin (D:1)
  A howler monkey skeleton (D:3)
  2 adders
  2 adder skeletons (D:4)
  2 worms
  2 dart slugs
  9 orcs
  11 bats
  9 endoplasms
  4 giant cockroaches
  6 hobgoblins
  4 jackals (D:1)
  7 kobolds
  3 quokkas
  5 ball pythons
  5 frilled lizards
  17 goblins
  4 rats
102 creatures vanquished.

Notes
Turn   | Place    | Note
-------+----------+-------------------------------------------
     0 | D:1      | ZombieSheep the Octopode Fighter began the quest for the
                  | Orb.
     0 | D:1      | Reached XP level 1. HP: 16/16 MP: 1/1
   302 | D:1      | Reached XP level 2. HP: 21/21 MP: 2/2
   818 | D:1      | Reached XP level 3. HP: 26/26 MP: 3/3
  1045 | D:1      | Found a faded altar of an unknown god.
  1194 | D:2      | Noticed Robin
  1330 | D:1      | Killed Robin
  1331 | D:1      | Reached XP level 4. HP: 26/31 MP: 4/4
  1449 | D:2      | You fall into a shaft and drop 1 floor!
  2057 | D:3      | Reached XP level 5. HP: 37/37 MP: 5/5
  2553 | D:2      | Noticed Jessica
  2560 | D:2      | Killed Jessica
  3157 | D:3      | Found an opulent altar of Gozag.
  3364 | D:3      | Became a worshipper of Gozag Ym Sagoz the Greedy
  3483 | D:4      | Noticed a black bear
  3502 | D:4      | Killed a black bear
  3503 | D:4      | Reached XP level 6. HP: 15/43 MP: 6/6
  3910 | D:4      | Identified the +1 kite shield of Fortification {rPois rN++
                  | Dex-5 SInv}
  4392 | D:5      | Entered Level 5 of the Dungeon
  4646 | D:5      | Reached XP level 7. HP: 48/49 MP: 7/7
  4701 | D:4      | Slain by an ogre

Illustrated notes

Levels and vault maps discovered:
D:1:      eino_arrival_tree_alley, layout_basic,
          dilly_ecumenical_altar_fadedgnrine
D:2:      layout_basic, minmay_unequal, uniq_jessica, uniq_robin
D:3:      layout_loops_ring, amcnicky_altar_gilded
D:4:      layout_loops_ring
D:5:      layout_basic, serial_shops, shop, serial_rivers,
          chequers_serial_rivers_marsh, chequers_serial_rivers_small_b,
          chequers_serial_rivers_small_a, chequers_serial_rivers_micro_b,
          minmay_puff

Skill      XL: |  1  2  3  4  5  6  7 |
---------------+----------------------+-----
Long Blades    | 3 4 |  4.8
Dodging        | 4 |  4.5
Fighting       | 4 |  4.5
Stealth        | 2 3 4 |  4.1
Shields        | |  3.0

Action                   |  1- 3 |  4- 6 |  7- 9 || total
-------------------------+-------+-------+-------++-------
Melee: Long sword        |    69 |    95 |    10 ||   174
       Constrict         |    13 |    27 |     4 ||    44
       Tentacles         |    11 |    22 |     5 ||    38
       Dagger            |       |     4 |       ||     4
  Use: Scroll            |       |     5 |       ||     5
       Potion            |       |     1 |       ||     1
 Stab: Sleeping          |     6 |     9 |       ||    15
Armor: Skin              |    13 |     5 |       ||    18
Dodge: Dodged            |    35 |    47 |     6 ||    88
Block: Kite shield       |    14 |       |       ||    14
       Rpst.: Long sword |    12 |    12 |     4 ||    28
